 Dungeon Crawl Stone Soup version 0.29-a0-819-g94b489e0ae (webtiles) character file.

Game seed: 13689985663102871900

196021 Pooter the Severer (level 18, -1/163 HPs)
             Began as a Minotaur Monk on July 5, 2022.
             Was a High Priest of Okawaru.
             Slain by an earth elemental (16 damage)
             ... summoned by a deep elf elementalist
             ... on level 3 of the Elven Halls on July 6, 2022.
             The game lasted 04:27:38 (38356 turns).

Pooter the Severer (Minotaur Monk)                 Turns: 38356, Time: 04:27:38

Health: -1/163     AC: 26    Str: 25    XL:     18   Next: 14%
Magic:  24/24      EV: 13    Int:  7    God:    Okawaru [*****.]
Gold:   2626       SH:  0    Dex: 17    Spells: 11/24 levels left

rFire   x . .      SeeInvis +   a - +8 mithril axe "Arga" {speed, Will+}
rCold   + + .      Faith    .   (no shield)
rNeg    + + .      Spirit   .   R - +8 ice dragon scales "Ucrastihi" {Rampage rF- rC++ Str+5 Stlth-}
rPois   +          Reflect  .   U - +2 hood of the Assassin {Detection Stab+ Stlth++}
rElec   .          Harm     .   m - +0 cloak of Okawaru's Displeasure {rPois rN++}
rCorr   .          Rampage  +   (no gloves)
Will    ++...                   H - +2 pair of boots
Stlth   ++++......              P - amulet of regeneration
HPRegen 1.17/turn               p - +4 ring of slaying
MPRegen 0.19/turn               S - ring of see invisible

@: studying Air Magic
A: horns 2, retaliatory headbutt, iridescent scales 1, passive freeze
a: Renounce Religion, Heroism, Finesse, Duel


You were on level 3 of the Elven Halls.
You worshipped Okawaru.
Okawaru was extremely pleased with you.
You visited 6 branches of the dungeon, and saw 28 of its levels.
You visited the Abyss 1 time.
You also visited: Bailey, Gauntlet and Volcano.

You collected 3393 gold pieces.
You spent 767 gold pieces at shops.

Inventory:

Hand Weapons
 a - the +8 mithril axe "Arga" (weapon) {speed, Will+}
   (Okawaru gifted it to you on level 3 of the Lair of Beasts)

   Attacks with this weapon are significantly faster.
   Will:      It increases your willpower.
 b - a +5 arbalest of flaming
   (You took it off an orc warrior on level 9 of the Dungeon)
 L - a +6 battleaxe of freezing
   (Okawaru gifted it to you on level 9 of the Dungeon)
Missiles
 k - 13 atropa-tipped darts
 u - 6 silver javelins
 w - 30 javelins
 z - 2 curare-tipped darts
 G - a boomerang of dispersal {!f}
 I - 4 datura-tipped darts
 V - 27 boomerangs (quivered)
 X - 6 silver boomerangs
Armour
 m - the +0 cloak of Okawaru's Displeasure (worn) {rPois rN++}
   (Okawaru gifted it to you in a Gauntlet)

   rPois:     It protects you from poison.
   rN:        It greatly protects you from negative energy.
 H - a +2 pair of boots (worn)
   (You found it on level 6 of the Dungeon)
 J - the +2 cloak of Recklessness {+Blink rElec}
   (Okawaru gifted it to you on level 11 of the Dungeon)

   rElec:     It insulates you from electricity.
   +Blink:    It lets you blink.
 R - the +8 ice dragon scales "Ucrastihi" (worn) {Rampage rF- rC++ Str+5 Stlth-}
   (You took it off a spriggan in a bailey)

   Str:       It affects your strength (+5).
   rF:        It makes you vulnerable to fire.
   rC:        It greatly protects you from cold.
   Rampage:   It bestows one free step when moving towards enemies.
   Stlth:     It makes you less stealthy.
 U - the +2 hood of the Assassin (worn) {Detection Stab+ Stlth++}
   (You found it in a Gauntlet)

   It allows the wearer to sense nearby creatures.
   It allows the wearer to make particularly effective stabbing attacks against
   helpless or unaware enemies with any weapon.
   Stlth:     It makes you much more stealthy.
Jewellery
 h - a ring of flight
   (You bought it in a shop on level 2 of the Orcish Mines)
 p - a +4 ring of slaying (left hand)
   (You took it off a deep elf annihilator on level 3 of the Elven Halls)
 r - a ring of willpower
   (You found it on level 2 of the Dungeon)
 y - a +6 ring of dexterity
   (You found it on level 5 of the Dungeon)
 E - a +6 ring of strength
   (You found it on level 1 of the Lair of Beasts)
 F - a ring of protection from fire
   (You found it on level 6 of the Dungeon)
 K - an amulet of reflection
   (You found it on level 7 of the Dungeon)
 N - a ring of positive energy
   (You found it in a Gauntlet)
 P - an amulet of regeneration (around neck)
   (You found it on level 8 of the Dungeon)
 S - a ring of see invisible (right hand)
   (You took it off an ogre mage on level 1 of the Orcish Mines)
Wands
 f - a wand of flame (68)
   (You found it on level 7 of the Dungeon)
 x - a wand of acid (5)
   (You found it on level 2 of the Elven Halls)
 C - a wand of polymorph (14)
   (You found it on level 2 of the Lair of Beasts)
 D - a wand of digging (1)
   (You took it off Pikel on level 6 of the Dungeon)
 O - a wand of mindburst (12)
   (You found it on level 3 of the Elven Halls)
 Y - a wand of roots (8)
   (You found it on level 8 of the Dungeon)
Scrolls
 i - 5 scrolls of identify {@r1}
 l - 5 scrolls of silence
 q - 5 scrolls of fear
 s - 3 scrolls of poison {!r}
 t - 10 scrolls of teleportation {@r4}
 v - 5 scrolls of magic mapping
 A - 3 scrolls of fog
 M - 2 scrolls of noise {!r}
 W - 2 scrolls of immolation {!r}
Potions
 c - a potion of flight
 d - 8 potions of attraction {!q}
 e - 19 potions of curing {@q1}
 g - 3 potions of cancellation
 j - 4 potions of heal wounds {@q2}
 n - 4 potions of might
 o - 4 potions of haste {@q3}
 B - 4 potions of lignification {!q}
 T - 5 potions of mutation {!q}
 Z - a potion of magic
Miscellaneous
 Q - a tin of tremorstones (inert)
   (You found it on level 13 of the Dungeon)


   Skills:
 + Level 15.0 Fighting
 - Level 18.9(19.1) Axes
 - Level 5.6(13.7) Maces & Flails
 - Level 3.8(5.3) Staves
 + Level 13.4 Ranged Weapons
 - Level 7.1 Throwing
 - Level 3.7 Armour
 - Level 7.3 Dodging
 + Level 9.3 Stealth
 + Level 3.7 Spellcasting
 + Level 4.0 Conjurations
 + Level 8.9 Air Magic
 * Level 6.0 Poison Magic
 - Level 10.4 Invocations
 - Level 9.5 Evocations


You had 11 spell levels left.
You knew the following spells:

 Your Spells              Type           Power      Damage    Failure   Level
a - Poisonous Vapours     Pois/Air       22%        N/A       6%          2
b - Airstrike             Air            6%         0-3+      22%         4
c - Olgreb's Toxic Radia  Pois           9%         N/A       58%         4
d - Mephitic Cloud        Conj/Pois/Air  10%        N/A       21%         3

Your spell library contained the following spells:

 Spells                   Type           Power      Damage    Failure   Level
 Shock                    Conj/Air       40%        1d5       6%          1
 Swiftness                Air            13%        N/A       7%          3
 Static Discharge         Conj/Air       10%        3-5/arc   10%         2
 Magic Dart               Conj           24%        1d4       17%         1
 Sting                    Tmut/Pois      20%        1d4       26%         1
 Foxfire                  Conj/Fire      16%        2x1d4     36%         1
 Spider Form              Tmut/Pois      5%         N/A       61%         3
 Beastly Appendage        Tmut           2%         N/A       65%         1
 Freeze                   Ice            4%         1d3       65%         1
 Necrotise                Necr           4%         1d4       65%         1
 Conjure Flame            Conj/Fire      4%         6-21      75%         3
 Dazzling Flash           Conj/Hex       8%         N/A       75%         3
 Passwall                 Tmut/Erth      0%         N/A       80%         2
 Sublimation of Blood     Necr           1%         N/A       80%         2
 Wereblood                Tmut           1%         N/A       80%         2
 Lightning Bolt           Conj/Air       5%         1d17      87%         5
 Frozen Ramparts          Ice            2%         1d2       95%         3
 Gell's Gravitas          Tloc           1%         N/A       95%         3
 Inner Flame              Hex/Fire       1%         N/A       95%         3
 Lesser Beckoning         Tloc           1%         N/A       95%         3
 Ozocubu's Armour         Ice            1%         N/A       95%         3
 Teleport Other           Tloc           1%         N/A       95%         3
 Flame Wave               Conj/Fire      4%         2d5       98%         4
 Hailstorm                Conj/Ice       4%         3d4       98%         4
 Silence                  Hex/Air        3%         N/A       99%         5
 Cause Fear               Hex            0%         N/A       100%        4
 Leda's Liquefaction      Hex/Erth       0%         N/A       100%        4
 Passage of Golubria      Tloc           1%         N/A       100%        4
 Petrify                  Tmut/Erth      1%         N/A       100%        4
 Agony                    Necr           1%         N/A       100%        5
 Lee's Rapid Deconstruct  Erth           0%         3d5*      100%        5
 Metabolic Englaciation   Hex/Ice        0%         N/A       100%        5
 Yara's Violent Unravell  Hex/Tmut       0%         3d3       100%        5
 Statue Form              Tmut/Erth      0%         N/A       100%        6
 Dragon Form              Tmut           0%         N/A       100%        7
 Borgnjor's Revivificati  Necr           0%         N/A       100%        8
 Maxwell's Capacitive Co  Air            6%         ∞         100%        8
 Necromutation            Tmut/Necr      0%         N/A       100%        8
 Death's Door             Necr           0%         N/A       100%        9
 Call Imp                 Summ           Unusable   N/A       N/A         2
 Tukima's Dance           Hex            Unusable   N/A       N/A         3
 Simulacrum               Ice/Necr       Unusable   N/A       N/A         6
 Haunt                    Necr/Summ      Unusable   N/A       N/A         7
 Summon Hydra             Summ           Unusable   N/A       N/A         7
 Dragon's Call            Summ           Unusable   N/A       N/A         9

Dungeon Overview and Level Annotations

Branches:
Dungeon (15/15)            Temple (1/1) D:5            Lair (6/6) D:9
  Swamp (0/4) Lair:3        Snake (0/4) Lair:4        Slime (0/5) Lair:5
    Orc (2/2) D:11            Elf (3/3) Orc:2        Vaults (0/5) D:13
 Depths (0/4) D:15           Hell (visited)          Bailey (visited)
Volcano (visited)         Gauntlet (visited)
    Dis: Hell:1         Geh: Hell:1         Coc: Hell:1         Tar: Hell:1

Altars:
Ashenzari
Cheibriados
Dithmenos
Elyvilon
Fedhas
Gozag
Hepliaklqana
Kikubaaqudgha
Makhleb
Nemelex Xobeh
Okawaru
Qazlal
Ru
Sif Muna
Trog
Vehumet
Wu Jian
Yredelemnul
Zin
The Shining One
Jiyva

Shops:
D:1 [   D:3 *   Orc:2 (=[*   Elf:1 *?:((   Elf:2 *

Portals:
Hell: Lair:6
Trove: D:11 (show abyssal rune of Zot)

Annotations:
Elf:1 1 runed translucent door
Elf:2 3 runed translucent doors
Hell Murray


Innate Abilities, Weirdness & Mutations

You have a pair of horns on your head.
You reflexively headbutt those who attack you in melee.
You are partially covered in iridescent scales. (AC +2)
A frigid envelope surrounds you and freezes all who hurt you.


Message History

* * * LOW HITPOINT WARNING * * *
The bolt of lightning hits you!!
* * * LOW HITPOINT WARNING * * *
The bolt of lightning hits the deep elf zephyrmancer!!
The deep elf zephyrmancer dies!
The earth elemental hits you but does no damage.
The earth elemental hits you.
* * * LOW HITPOINT WARNING * * *
The earth elemental hits you!
* * * LOW HITPOINT WARNING * * *
The earth elemental completely resists.
Unknown command.
You feel much better.
You hit the earth elemental. You headbutt the earth elemental.
You hit the earth elemental. x2; The earth elemental hits you.
* * * LOW HITPOINT WARNING * * *
The earth elemental completely resists.
The earth elemental closely misses you. The earth elemental hits you.
* * * LOW HITPOINT WARNING * * *
The earth elemental completely resists.
You hit the earth elemental.
You headbutt the earth elemental, but do no damage.
You hit the earth elemental.
You hit the earth elemental but do no damage.
Unknown command.
You hit the earth elemental.
You destroy the earth elemental!
The earth elemental disappears in a puff of smoke!
You completely miss the earth elemental.
You hit the earth elemental. The earth elemental barely misses you.
The deep elf elementalist casts a spell at you.
Some walls begin to move on their own!
You hear a shout! x3
You slice the earth elemental!!
You headbutt the earth elemental, but do no damage.
You punch the earth elemental. You slash the earth elemental!
You destroy the earth elemental!
The earth elemental disappears in a puff of smoke!
You hit the earth elemental.
The deep elf zephyrmancer points at you and mumbles some strange words.
The bolt of lightning hits you!!
* * * LOW HITPOINT WARNING * * *
The bolt of lightning hits the earth elemental.
The earth elemental completely resists.
The deep elf elementalist drinks a potion.
The deep elf elementalist seems to speed up.
The deep elf zephyrmancer casts a spell.
The deep elf zephyrmancer blinks!
The earth elemental hits you!
You die...

####.### #...# ##...#
##.[...###)#######[..#
.....[.....))..)..##.##
........##.#########..###
##.....#.#.# #.#..##
.##...###..# #.#...#
..#.[.#
##[#########.#..##
......# #......E.....###
...=)## #..))<)@EE.§.##
..#..# #........#e)§.#
.....# #############.#
.....# #§# ..#..# #.§
.##..# #.)e ###.## .....
#)# .....( #.## .......


You could see a deep elf elementalist (fast, repels missiles) and 3 earth
elementals.

Vanquished Creatures
  Geryon (Hell)
  3 deep elf blademasters
  A deep elf master archer (Elf:3)
  Gastronok (D:10)
  Roxanne (Elf:3)
  5 deep elf sorcerers
  2 orc warlords
  A balrug (Hell)
  2 deep elf elementalists (Elf:3)
  A very ugly thing (Abyss:2)
  A minotaur (Gauntlet)
  Azrael (D:13)
  5 deep elf demonologists
  4 entropy weavers (Lair:3)
  5 deep elf annihilators
  Snorg (Lair:6)
  7 deep elf death magi (Elf:3)
  A deep elf high priest (Elf:3)
  Fannar (D:11)
  9 hydras
  A rakshasa (Abyss:2)
  A hell beast (Lair:6)
  6 boulder beetles
  3 ghost crabs (Lair:3)
  3 centaur warriors
  2 ogre magi
  4 tengu warriors
  11 two-headed ogres
  5 orc high priests
  A hell hog (Gauntlet)
  6 death yaks (Lair:3)
  2 thrashing horrors (Abyss:2)
  17 dancing weapons
  Urug (D:10)
  13 deep elf knights
  A wretched star (Abyss:2)
  2 sun demons (Lair:6)
  A soul eater (Lair:6)
  The ghost of SirDiesAlot the Thaumaturge, a novice DEFE of Vehumet (D:10)
  A skeletal warrior (D:15)
  Nergalle (D:10)
  6 fire crabs (Lair:3)
  2 sixfirhies (Abyss:2)
  An anaconda zombie (Abyss:2)
  2 flayed ghosts
  A deep troll (D:10)
  20 deep elf archers
  3 wizards
  4 orc knights
  A bog body (Lair:3)
  A tengu zombie (D:15)
  2 necromancers
  25 deep elf pyromancers
  7 orc sorcerers
  Pikel (D:6)
  33 deep elf zephyrmancers
  A manticore (D:15)
  An iron dragon zombie (D:15)
  4 cyclopes
  15 ugly things
  A moth of wrath (D:10)
  2 oklob plants
  7 large abominations (Abyss:2)
  2 fire giant zombies (D:15)
  8 elephants
  2 torpor snails
  5 black mambas
  Joseph (D:8)
  12 cane toads
  A molten gargoyle (Volcano)
  4 orange demons
  A smoke demon (Lair:6)
  2 kobold demonologists (D:9)
  6 unseen horrors
  4 rime drakes
  Maggie (D:6)
  6 gargoyles
  An efreet (D:14)
  A tengu conjurer (D:13)
  An ice devil (Lair:6)
  12 komodo dragons
  A guardian mummy (D:15)
  2 red devils (Lair:6)
  A meliai (shapeshifter) (D:14)
  5 hornets
  6 trolls
  A queen bee (shapeshifter) (D:14)
  2 polar bears
  A harpy skeleton (Abyss:2)
  3 raiju (Abyss:2)
  18 blink frogs
  14 slime creatures
  A blink frog (shapeshifter) (D:15)
  Prince Ribbit (D:9)
  6 dream sheep
  A water elemental (Elf:1)
  An air elemental (Elf:2)
  40 yaks
  2 vampires
  6 wraiths
  14 spriggans
  A ynoxinul (Abyss:2)
  2 fire bats (Gauntlet)
  8 fire elementals
  A golden eye (shapeshifter) (D:15)
  6 wyverns
  2 chaos spawn (Abyss:2)
  2 steam dragons
  4 basilisks
  A neqoxec (Abyss:2)
  3 vampire mosquitoes (D:13)
  4 nagas (Lair:4)
  A warg (D:15)
  A swamp worm (D:13)
  18 water moccasins
  Edmund (D:6)
  4 acid dragons
  9 hell hounds
  A water moccasin (shapeshifter) (D:15)
  2 floating eyes (Orc:1)
  A swamp drake (Orc:2)
  44 orc warriors
  A sky beast (D:8)
  5 black bears
  A black bear (shapeshifter) (D:11)
  3 boggarts (D:14)
  10 ogres
  30 wolves
  4 centaurs
  A phantom (D:5)
  The ghost of iNFECTIOUSiTCH the Sneak, an amateur OpBr (D:3)
  4 kobold brigands (D:9)
  12 bullfrogs
  4 earth elementals
  2 scorpions (D:5)
  2 necrophages (D:4)
  13 wights
  3 killer bees
  3 vampire bats (D:9)
  2 howler monkeys (D:6)
  A crimson imp (Orc:2)
  3 electric eels
  2 quasits (D:5)
  4 jellies
  Crazy Yiuf (D:6)
  16 orc priests
  An iron imp (Orc:2)
  5 iguanas
  36 orc wizards
  7 hell rats (Lair:3)
  9 gnolls
  4 adders
  5 shadow imps
  7 white imps
  4 ufetubi
  2 worms
  3 dart slugs (D:3)
  103 orcs
  8 endoplasms
  3 giant cockroaches
  7 goblins
  7 hobgoblins
  6 jackals
  10 kobolds
  7 quokkas
  6 ball pythons
  14 bats
  6 frilled lizards
  3 rats
  A spectral orc (D:6)
  A fungus (Lair:3)
981 creatures vanquished.

Vanquished Creatures (collateral kills)
  An elephant (Lair:4)
  A hornet (D:14)
  A spriggan (D:14)
  2 orc priests (Orc:2)
  An orc (Orc:2)
6 creatures vanquished.

Vanquished Creatures (others)
  An entropy weaver (Lair:3)
  A deep elf knight (Elf:1)
  An orc knight (Orc:2)
  A deep elf zephyrmancer (Elf:3)
  An apocalypse crab (Lair:3)
  A fire bat (shapeshifter) (D:14)
  An orc priest (Orc:2)
  3 demonic plants (D:5)
  19 fungi
  46 plants
  2 withered plants (D:15)
77 creatures vanquished.

Grand Total: 1064 creatures vanquished

Notes
Turn   | Place    | Note
-------+----------+-------------------------------------------
     0 | D:1      | Pooter the Minotaur Monk began the quest for the Orb.
     0 | D:1      | Reached XP level 1. HP: 19/19 MP: 0/0
   227 | D:1      | Reached XP level 2. HP: 26/27 MP: 1/1
   253 | D:1      | Reached skill level 4 in Axes
   664 | D:1      | Found Uhaupagi's Armour Boutique.
   754 | D:1      | Reached XP level 3. HP: 33/33 MP: 2/2
  1249 | D:2      | Learned a level 2 spell: Poisonous Vapours
  1365 | D:2      | Found a faded altar of an unknown god.
  1690 | D:3      | Reached XP level 4. HP: 25/40 MP: 3/3
  1885 | D:3      | Found Vywim's Assorted Antiques.
  1895 | D:3      | Bought a brown potion for 21 gold pieces
  1895 | D:3      | Bought a bubbling cyan potion for 21 gold pieces
  1895 | D:3      | Bought a scroll labelled UVAUCW CUHEENI for 24 gold pieces
  1895 | D:3      | Bought a scroll of identify for 48 gold pieces
  1962 | D:3      | Found a runed translucent door.
  2046 | D:3      | Noticed iNFECTIOUSiTCH's ghost (amateur OpBr)
  2487 | D:4      | Reached skill level 1 in Ranged Weapons
  2487 | D:4      | Reached XP level 5. HP: 41/45 MP: 4/4
  2533 | D:4      | Reached skill level 1 in Air Magic
  2579 | D:4      | Reached skill level 5 in Axes
  2588 | D:4      | Reached XP level 6. HP: 35/53 MP: 5/5
  2717 | D:4      | Identified the +5 quarterstaff of the Beast {freeze, rC+
                  | rN+}
  3055 | D:4      | Reached skill level 1 in Staves
  3549 | D:5      | Entered Level 5 of the Dungeon
  3566 | D:5      | Found a staircase to the Ecumenical Temple.
  3574 | Temple   | Entered the Ecumenical Temple
  3583 | Temple   | Became a worshipper of Warmaster Okawaru
  3583 | Temple   | Reached * piety under Okawaru
  3583 | Temple   | Reached ** piety under Okawaru
  3605 | D:5      | Reached skill level 6 in Axes
  3732 | D:5      | Reached XP level 7. HP: 60/60 MP: 6/6
  3767 | D:5      | Reached skill level 5 in Fighting
  4201 | D:5      | Reached skill level 5 in Dodging
  4577 | D:6      | Noticed Maggie
  4579 | D:6      | Noticed Edmund
  4768 | D:6      | Reached skill level 7 in Axes
  4770 | D:6      | Reached XP level 8. HP: 65/69 MP: 7/7
  4861 | D:6      | Killed Maggie
  5092 | D:6      | Found a runed translucent door.
  5093 | D:6      | Noticed Crazy Yiuf
  5130 | D:6      | Killed Edmund
  5175 | D:6      | Found a hazy altar of Hepliaklqana.
  5527 | D:7      | Noticed Pikel
  5532 | D:6      | Reached skill level 8 in Axes
  5627 | D:6      | Killed Pikel
  5628 | D:6      | Reached skill level 1 in Maces & Flails
  5628 | D:6      | Reached XP level 9. HP: 66/78 MP: 8/8
  5925 | D:6      | Reached *** piety under Okawaru
  6071 | D:6      | Reached skill level 9 in Axes
  6074 | D:6      | Reached skill level 1 in Invocations
  6074 | D:6      | Reached skill level 1 in Evocations
  6150 | D:6      | Killed Crazy Yiuf
  6200 | D:6      | Reached skill level 5 in Ranged Weapons
  6983 | D:7      | Found a sparkling altar of Nemelex Xobeh.
  7147 | D:8      | Found a glowing silver altar of Zin.
  7165 | D:8      | Found a flagged portal.
  7177 | Bailey   | Entered a bailey
  7208 | Bailey   | Reached skill level 5 in Stealth
  7231 | Bailey   | Reached **** piety under Okawaru
  7232 | Bailey   | Reached XP level 10. HP: 48/86 MP: 10/10
  7443 | Bailey   | Identified the +8 ice dragon scales "Ucrastihi" {Rampage
                  | rF- rC++ Str+5 Stlth-}
  7562 | Bailey   | Noticed a two-headed ogre
  7571 | Bailey   | Killed a two-headed ogre
  7572 | Bailey   | Reached skill level 10 in Axes
  7721 | D:8      | Noticed Joseph
  7811 | D:8      | Killed Joseph
  8159 | D:8      | Noticed a two-headed ogre
  8168 | D:8      | Killed a two-headed ogre
  8674 | D:9      | Noticed a two-headed ogre
  8847 | D:9      | Killed a two-headed ogre
  8848 | D:9      | Reached skill level 5 in Maces & Flails
  8936 | D:9      | Reached skill level 11 in Axes
  8936 | D:9      | Reached XP level 11. HP: 94/94 MP: 12/12
  8956 | D:9      | Reached ***** piety under Okawaru
  8976 | D:9      | Found a staircase to the Lair.
  9131 | D:9      | Noticed Prince Ribbit
  9143 | D:9      | Killed Prince Ribbit
  9196 | D:9      | Received a gift from Okawaru
  9745 | D:10     | Entered Level 10 of the Dungeon
  9873 | D:10     | Noticed Nergalle
  9880 | D:10     | Killed Nergalle
  9967 | D:10     | Found a broken altar of Ashenzari.
  9975 | D:10     | Found an opulent altar of Gozag.
 10042 | D:10     | Reached skill level 1 in Throwing
 10048 | D:10     | Noticed a two-headed ogre
 10048 | D:10     | Noticed a deep troll
 10049 | D:10     | Noticed a two-headed ogre
 10054 | D:10     | Found a transporter.
 10059 | D:10     | Found a transporter.
 10060 | D:10     | Found a bloodstained altar of Trog.
 10060 | D:10     | Noticed a two-headed ogre
 10123 | D:10     | Noticed Urug
 10126 | D:10     | Noticed a two-headed ogre
 10131 | D:10     | Killed Urug
 10134 | D:10     | Killed a two-headed ogre
 10250 | D:10     | Reached skill level 12 in Axes
 10523 | D:10     | Reached skill level 5 in Invocations
 10525 | D:10     | Found a stormy altar of Qazlal.
 10574 | D:10     | Noticed SirDiesAlot's ghost (novice DEFE)
 10607 | D:10     | Noticed Gastronok
 10618 | D:10     | Killed Gastronok
 10760 | D:10     | Received a gift from Okawaru
 10780 | D:10     | Reached XP level 12. HP: 60/104 MP: 14/14
 11094 | Lair:1   | Entered Level 1 of the Lair of Beasts
 11136 | Lair:1   | Got the Incunable of the Ground and Black Deeds
 11175 | Lair:1   | Found a gate leading to a gauntlet.
 11179 | Gauntlet | Entered a Gauntlet
 11179 | Gauntlet | Found a transporter.
 11198 | Gauntlet | Found a transporter.
 11203 | Gauntlet | Identified the +0 cloak of Okawaru's Displeasure {rPois
                  | rN++} (Okawaru gifted it to you in a Gauntlet)
 11203 | Gauntlet | Received a gift from Okawaru
 11207 | Gauntlet | Reached skill level 5 in Evocations
 11228 | Gauntlet | Found a transporter.
 11250 | Gauntlet | Found a transporter.
 11258 | Gauntlet | Found the +2 hood of the Assassin {Detection Stab+ Stlth++}
 11258 | Gauntlet | Noticed a death scarab
 11265 | Gauntlet | Found a transporter.
 11266 | Gauntlet | Found a transporter.
 11273 | Gauntlet | Noticed a hell hog
 11275 | Gauntlet | Found a transporter.
 11276 | Gauntlet | Found a runed translucent door.
 11276 | Gauntlet | Noticed a death scarab
 11296 | Gauntlet | Found a runed translucent door.
 11312 | Gauntlet | Killed a hell hog
 11314 | Gauntlet | Reached skill level 13 in Axes
 11363 | Gauntlet | Found a transporter.
 11364 | Gauntlet | Identified the ring of Jalacack {Ice rPois Str+5 Int+3}
 11417 | Gauntlet | Noticed a minotaur
 11421 | Gauntlet | Killed a minotaur
 11820 | Lair:1   | Upgraded the game from 0.29-a0-817-g9904bce7a6 to
                  | 0.29-a0-819-g94b489e0ae
 12169 | Lair:1   | Reached skill level 10 in Fighting
 12402 | Lair:2   | Received a gift from Okawaru
 12797 | Lair:2   | Reached skill level 14 in Axes
 13006 | Lair:3   | Found a dark tunnel.
 13017 | Volcano  | Entered a volcano
 14575 | Lair:3   | Reached XP level 13. HP: 114/114 MP: 17/17
 14711 | Lair:3   | Reached skill level 5 in Throwing
 14906 | Lair:3   | Reached ****** piety under Okawaru
 15125 | Lair:3   | Found a staircase to the Swamp.
 15229 | Lair:3   | Found a runed translucent door.
 15253 | Lair:3   | Reached skill level 15 in Axes
 15260 | Lair:3   | Noticed an entropy weaver
 15269 | Lair:3   | Killed an entropy weaver
 15316 | Lair:3   | Noticed an entropy weaver
 15326 | Lair:3   | Killed an entropy weaver
 15373 | Lair:3   | Noticed an entropy weaver
 15392 | Lair:3   | Killed an entropy weaver
 15392 | Lair:3   | Received a gift from Okawaru
 15436 | Lair:3   | Noticed an entropy weaver
 15448 | Lair:3   | Killed an entropy weaver
 15460 | Lair:3   | Received a gift from Okawaru
 15460 | Lair:3   | Found the +8 mithril axe "Arga" {speed, Will+}
 15503 | Lair:3   | Noticed an entropy weaver
 15506 | Lair:3   | Killed an entropy weaver
 15841 | Lair:3   | Found a blossoming altar of Fedhas.
 16100 | Lair:4   | Reached XP level 14. HP: 114/124 MP: 17/19
 16365 | Lair:4   | Reached skill level 10 in Ranged Weapons
 16505 | Lair:4   | Found a staircase to the Snake Pit.
 16785 | Lair:4   | Received a gift from Okawaru
 16786 | Lair:4   | Reached skill level 16 in Axes
 17296 | Lair:5   | Found a runed translucent door.
 17296 | Lair:5   | Found a viscous altar of Jiyva.
 17301 | Lair:5   | Found a staircase to the Slime Pits.
 17603 | Lair:6   | Entered Level 6 of the Lair of Beasts
 17732 | Lair:6   | Noticed Snorg
 17747 | Lair:6   | Killed Snorg
 18325 | Lair:6   | Reached skill level 1 in Armour
 18518 | Lair:6   | Identified the +1 chain mail "Podurch" {Str+4}
 18646 | Lair:6   | Received a gift from Okawaru
 18893 | Lair:6   | Found a burning altar of Makhleb.
 18909 | Lair:6   | Received a gift from Okawaru
 18956 | Lair:6   | Found a gateway to Hell.
 18966 | Hell     | Entered the Vestibule of Hell
 18966 | Hell     | Noticed Geryon
 18974 | Hell     | Noticed a balrug
 18981 | Hell     | Noticed Murray
 18986 | Hell     | Killed a balrug
 18989 | Hell     | Killed Geryon
 19441 | D:11     | Found a staircase to the Orcish Mines.
 19508 | Orc:1    | Entered Level 1 of the Orcish Mines
 19532 | Orc:1    | Noticed an orc warlord
 19869 | Arena    | Entered the Arena
 19871 | Arena    | Killed an orc warlord
 19872 | Arena    | Reached skill level 17 in Axes
 19872 | Arena    | Reached XP level 15. HP: 134/134 MP: 12/20
 20065 | Orc:1    | Received a gift from Okawaru
 20256 | Orc:1    | Found a shimmering blue altar of Sif Muna.
 20380 | Orc:2    | Entered Level 2 of the Orcish Mines
 20953 | Orc:2    | Found a staircase to the Elven Halls.
 21088 | Orc:2    | Found a burning altar of Makhleb.
 21269 | Orc:2    | Received a gift from Okawaru
 21335 | Orc:2    | Noticed an orc warlord
 21347 | Orc:2    | Killed an orc warlord
 21351 | Orc:2    | Received a gift from Okawaru
 21352 | Orc:2    | HP: 6/134 [orc sorcerer/bolt of fire (39)]
 22070 | Orc:2    | Found Meung's Antique Armour Shoppe.
 22071 | Orc:2    | Found Uvau's Antique Weapon Emporium.
 22073 | Orc:2    | Found Locam's General Store.
 22073 | Orc:2    | Found Loabitotuk's Jewellery Shoppe.
 22089 | Orc:2    | Bought a potion of curing for 30 gold pieces
 22089 | Orc:2    | Bought a scroll of brand weapon for 200 gold pieces
 22089 | Orc:2    | Bought a ring of flight for 175 gold pieces
 22326 | Orc:2    | Received a gift from Okawaru
 22530 | D:11     | Noticed Fannar
 22544 | D:11     | Killed Fannar
 22955 | D:11     | Identified the +2 cloak of Recklessness {+Blink rElec}
                  | (Okawaru gifted it to you on level 11 of the Dungeon)
 22955 | D:11     | Received a gift from Okawaru
 23234 | D:11     | Found a portal to a secret trove of treasure.
 24357 | D:13     | Found a gate to the Vaults.
 24362 | D:13     | Noticed Josephine
 24363 | D:13     | Noticed Josephine
 24363 | D:13     | Josephine changed into Josephine the swamp worm
 24367 | D:13     | Killed Josephine the swamp worm
 24455 | D:13     | Noticed Azrael
 24462 | D:13     | Reached skill level 5 in Air Magic
 24467 | D:13     | Killed Azrael
 24781 | D:13     | Reached skill level 18 in Axes
 25738 | D:14     | Received a gift from Okawaru
 26021 | D:14     | Reached skill level 10 in Invocations
 26021 | D:14     | Reached XP level 16. HP: 144/144 MP: 20/22
 26510 | D:15     | Entered Level 15 of the Dungeon
 26723 | D:15     | Found a staircase to the Depths.
 26883 | D:15     | Received a gift from Okawaru
 28276 | D:3      | Killed iNFECTIOUSiTCH's ghost
 28404 | D:10     | Killed SirDiesAlot's ghost
 28481 | D:10     | Found a basalt altar of Yredelemnul.
 28483 | D:10     | Found a glowing golden altar of the Shining One.
 29677 | Elf:1    | Entered Level 1 of the Elven Halls
 29677 | Elf:1    | Found a runed translucent gate.
 29677 | Elf:1    | Found a runed translucent gate.
 29677 | Elf:1    | Found a runed translucent gate.
 29677 | Elf:1    | Found a runed translucent gate.
 29677 | Elf:1    | Found a runed translucent gate.
 29677 | Elf:1    | Found a runed translucent gate.
 29678 | Elf:1    | Found a runed translucent door.
 29682 | Elf:1    | Found a runed translucent door.
 29685 | Elf:1    | Received a gift from Okawaru
 30079 | Elf:1    | Learned a level 4 spell: Airstrike
 30083 | Elf:1    | Learned a level 3 spell: Mephitic Cloud
 30088 | Elf:1    | Learned a level 4 spell: Olgreb's Toxic Radiance
 30095 | Elf:1    | Found Inul's Antique Weapon Shop.
 30132 | Elf:1    | Found Awootaynn's Magic Scroll Shop.
 30243 | Elf:1    | Reached skill level 1 in Poison Magic
 30750 | Elf:1    | Found Yteurydaho's Assorted Antiques.
 31051 | Elf:1    | Reached skill level 1 in Spellcasting
 31085 | Elf:1    | Received a gift from Okawaru
 31086 | Elf:1    | Reached skill level 1 in Conjurations
 31473 | Elf:1    | Found Waizihut's Weapon Shop.
 31784 | Elf:1    | Bought a scroll labelled DERITUA UCERUE for 23 gold pieces
 31924 | Elf:1    | Found Tap Sow's Book Shoppe.
 32477 | Elf:2    | Reached XP level 17. HP: 146/152 MP: 21/23
 32541 | Elf:2    | Identified the -1 pair of gloves of Wrong Decisions {rCorr
                  | Dex-2 Stlth+} (Okawaru gifted it to you on level 2 of the
                  | Elven Halls)
 32541 | Elf:2    | Received a gift from Okawaru
 32587 | Elf:2    | Found a runed translucent gate.
 32604 | Elf:2    | Found a runed translucent gate.
 32605 | Elf:2    | Found a runed translucent gate.
 32677 | Elf:2    | Gained mutation: You are partially covered in iridescent
                  | scales. (AC +2) [potion of mutation]
 32677 | Elf:2    | Gained mutation: A frigid envelope surrounds you and
                  | freezes all who hurt you. [potion of mutation]
 32801 | Elf:2    | Found Coifaokh's General Store.
 32923 | Elf:2    | Bought a potion of might for 72 gold pieces
 32923 | Elf:2    | Bought a scroll of magic mapping for 63 gold pieces
 32923 | Elf:2    | Bought a potion of heal wounds for 90 gold pieces
 33058 | Elf:3    | Entered Level 3 of the Elven Halls
 33728 | Elf:3    | Identified the +7 glaive of the Skies Above {vorpal, rF+
                  | rN++ rCorr Int-4}
 33729 | Elf:3    | Noticed a deep elf blademaster
 33729 | Elf:3    | Noticed a deep elf blademaster
 34480 | Arena    | Entered the Arena
 34559 | Elf:3    | Identified the +5 ring mail "Udanemergh" {Harm Fly rC+}
 34559 | Elf:3    | Noticed a deep elf blademaster
 34752 | Elf:3    | Identified the +1 robe of Gozag's Inspiration {Str+6}
 34763 | Elf:2    | Killed a deep elf blademaster
 34763 | Elf:2    | Identified the +4 triple sword "Gaybb" {drain, Dex+4}
                  | (Okawaru gifted it to you on level 2 of the Elven Halls)
 34763 | Elf:2    | Received a gift from Okawaru
 34979 | Elf:3    | Reached skill level 5 in Poison Magic
 35265 | Elf:3    | Killed a deep elf blademaster
 35984 | Elf:3    | Noticed a deep elf master archer
 35988 | Elf:3    | Killed a deep elf master archer
 36639 | Elf:3    | Noticed Roxanne
 36662 | Elf:3    | Killed Roxanne
 36851 | Abyss:2  | Cast into level 2 of the Abyss (a deep elf demonologist)
 36887 | Abyss:2  | Received a gift from Okawaru
 36976 | Abyss:2  | Noticed a bone dragon
 37146 | Abyss:2  | Reached XP level 18. HP: 162/162 MP: 24/24
 37167 | Abyss:2  | Reached skill level 15 in Fighting
 37264 | Elf:3    | Escaped the Abyss
 37343 | Elf:3    | Identified the +2 robe of the Silversmith {-Tele Contam
                  | rPois Dex+9}
 37913 | Elf:3    | Identified the +5 ring mail of Guam {-Tele rElec rF+
                  | Will+++}
 37997 | Elf:3    | Noticed a Hell Sentinel
 38348 | Elf:3    | HP: 5/163 [earth elemental[a deep elf elementalist] (14)]
 38356 | Elf:3    | Slain by an earth elemental

Illustrated notes

Levels and vault maps discovered:
D:1:      wander_arrival_fairy_ring, layout_rooms, serial_shops,
          nicolae_square_shop
D:2:      layout_basic, basic_ecumenical_altar
D:3:      layout_rooms, gammafunk_ghost_grave, serial_shops,
          nicolae_shop_overgrown_old_shop, st_stairs_11
D:4:      cheibrodos_pilgrimage, layout_rooms, kennysheep_generic_room_16
D:5:      layout_rooms, minmay_temple_entry_glassed_door, serial_demonic,
          serial_demonic_f, serial_demonic_g, serial_demonic_a,
          serial_demonic_e, nicolae_zen_rock_garden, hex_large,
          hangedman_decor_opposing
D:6:      layout_cave_pools, nicolae_hepliaklqana_monster_ancestors,
          uniq_maggie, uniq_crazy_yiuf_cottage, uniq_edmund
D:7:      layout_cave_pools, nemelex_xobeh_ov_fountains_minmay, uniq_pikel
D:8:      layout_layer_cave, mainiacjoe_overflow_small_starburst,
          enter_bailey_2, nicolae_straight_to_the_point, uniq_joseph
D:9:      layout_rooms, david_lair_generic, roderic_batcave, uniq_prince_ribbit1
D:10:     layout_layer_cave, nicolae_overflow_hidden_temple,
          gammafunk_ghost_wrathful_warriors, uniq_nergalle, uniq_urug,
          uniq_gastronok
D:11:     layout_roguey, orc_0_dummy, nicolae_trove_entry_columns,
          minmay_lizard_king, uniq_fannar
D:12:     layout_loops_corners
D:13:     layout_rooms, david_vaults_2, serial_glass, glass_columns_a,
          glass_columns_a, due_unseen_surprise, feat_on_display, uniq_azrael,
          uniq_josephine
D:14:     kb_forest_paths, layout_basic, grunt_decor_arrowhead,
          nicolae_elevator_lobby_plus
D:15:     gammafunk_depths_entry_grave, layout_rooms, minmay_misc_feat_tower
Temple:   nicolae_temple_ecumenical_triangle
Lair:1:   layout_roguey, gauntlet_entry_generic
Lair:2:   layout_regular_city, beast_lair_carwin_4
Lair:3:   gammafunk_mikee_crab_dinner, layout_chaotic_city,
          skrybe_swamp_entry_bodies, nicolae_volcano_entry_two_sided,
          minivault_24, tgw_fedhas
Lair:4:   layout_small_grid, minmay_snake_entry_guardpost_medium,
          infiniplex_staircase_pool, serial_bayou_shore_b
Lair:5:   layout_regular_city, slime_entry_2
Lair:6:   evil_forest, layout_cave_pods, serial_bayou_shore_a, uniq_snorg
Orc:1:    hellmonk_paralyzer, layout_diamond_mine, kennysheep_orc_sif_temple
Orc:2:    st_orc_congregation, layout_diamond_mine, basic_altar, special_room,
          hangedman_minor_magic
Elf:1:    nicolae_elf_arrival_dilemma, layout_loops_cross, serial_shops, shop,
          shop, nicolae_shop_window_shopping, shop, shop_statue,
          hangedman_elven_crosses_minicolossus
Elf:2:    elven_hall_of_blades_hangedman_original [nicolae_blade_bullseye],
          layout_geoelf_octagon, serial_shops, nicolae_shop_window_shopping
Elf:3:    minmay_elf_hall_quartered_circle, layout_rooms,
          hangedman_elf_simple_split, grunt_megastairs_5, uniq_roxanne
Hell

Skill      XL: |  1  2  3  4  5  6  7  8  9 10 11 12 13 14 15 16 17 18 |
---------------+-------------------------------------------------------+-----
Axes           | 4 5 6 7 8 9 11 12 14 15 17 18 | 18.9
Fighting       | 4 5 6 7 8 9 10 11 12 13 14 15 | 15.0
Stealth        | 2 3 4 5 6 7 8 9 |  9.3
Ranged Weapons | 1 2 3 4 5 6 7 8 9 10 11 12 13 | 13.4
Air Magic      | 1 3 5 7 8 |  8.9
Dodging        | 4 5 6 7 |  7.3
Staves         | 1 2 3 |  3.8
Maces & Flails | 1 3 5 |  5.6
Invocations    | 2 3 5 6 8 9 10 | 10.4
Evocations     | 2 3 4 6 7 8 9 |  9.5
Throwing       | 2 4 6 7 |  7.1
Armour         | 3 |  3.7
Poison Magic   | 3 5 6 |  6.0
Spellcasting   | 1 3 |  3.7
Conjurations   | 1 3 4 |  4.0

Action                   |  1- 3 |  4- 6 |  7- 9 | 10-12 | 13-15 | 16-18 || total
-------------------------+-------+-------+-------+-------+-------+-------++-------
Melee: Hand axe          |   109 |       |       |       |       |       ||   109
       Headbutt          |    18 |     8 |    22 |    49 |   142 |   135 ||   374
       Whip              |       |    27 |       |       |       |       ||    27
       Quarterstaff      |       |    27 |    55 |       |       |       ||    82
       Dire flail        |       |       |    34 |       |       |       ||    34
       Battleaxe         |       |       |    36 |   263 |   180 |       ||   479
       Broad axe         |       |       |       |       |   439 |   539 ||   978
       Punch             |       |       |       |       |    10 |    13 ||    23
 Fire: Sling             |    22 |    53 |    23 |       |       |       ||    98
       Shortbow          |       |       |    60 |    63 |       |       ||   123
       Arbalest          |       |       |       |    97 |   411 |   331 ||   839
Throw: Stone             |       |       |     4 |     2 |       |       ||     6
       Dart              |       |       |     3 |       |    10 |    12 ||    25
       Javelin           |       |       |       |       |    13 |       ||    13
       Boomerang         |       |       |       |       |    37 |    29 ||    66
 Cast: Poisonous Vapours |       |       |       |       |       |    17 ||    17
       Airstrike         |       |       |       |       |       |     1 ||     1
Invok: Heroism           |       |     1 |    22 |    21 |    30 |    32 ||   106
       Finesse           |       |       |       |     2 |     8 |     8 ||    18
       Duel              |       |       |       |       |     1 |     1 ||     2
Evoke: Wand              |       |       |       |     4 |    17 |     6 ||    27
       Tin of tremorston |       |       |       |       |       |     8 ||     8
  Use: Scroll            |     4 |     1 |     8 |    18 |    11 |    10 ||    52
       Potion            |       |       |     1 |     1 |    11 |    12 ||    25
 Stab: Sleeping          |     2 |       |       |     4 |    10 |    12 ||    28
       Distracted        |       |       |     1 |       |       |     3 ||     4
       Invisible         |       |       |       |     2 |       |     3 ||     5
Armor: Robe              |    22 |       |       |       |       |       ||    22
       Ring mail         |     2 |       |    18 |       |       |       ||    20
       Scale mail        |       |    16 |    26 |       |       |       ||    42
       Plate armour      |       |       |    28 |       |       |       ||    28
       Skin              |       |       |     1 |       |       |       ||     1
       Ice dragon scales |       |       |       |   125 |   284 |   172 ||   581
Dodge: Dodged            |    91 |    52 |   139 |   203 |   350 |   209 ||  1044
Block: Other             |       |       |     4 |    40 |    50 |    26 ||   120
       Reflection        |       |       |       |     2 |     8 |     2 ||    12

Table legend: (Time is in decaauts)
 A = Elapsed time spent in this place.
 B = Non-inter-level travel time spent in this place.
 C = Inter-level travel time spent in this place.
 D = Time resting spent in this place.
 E = Time spent auto-exploring this place.
 F = Levels seen in this place.
 G = Mean time per level.
                   A        B        C        D        E       F      G
               +--------+--------+--------+--------+--------+-----+--------+
         Total |  38096 |  36133 |   1963 |  11587 |  16423 |  34 | 1120.5 |
       Dungeon |  17491 |  16282 |   1209 |   3456 |   9838 |  15 | 1166.1 |
        Temple |     18 |     18 |      0 |      0 |      0 |   1 |   18.0 |
          Lair |   7070 |   6481 |    589 |    924 |   4153 |   6 | 1178.3 |
  Orcish Mines |   2750 |   2614 |    136 |    808 |    807 |   2 | 1375.0 |
   Elven Halls |   8100 |   8072 |     28 |   5145 |   1158 |   3 | 2700.0 |
          Hell |     15 |     15 |      0 |      0 |      0 |   1 |   15.0 |
         Abyss |    392 |    392 |      0 |     18 |      1 |   1 |  392.0 |
        Bailey |    527 |    527 |      0 |    107 |    251 |   1 |  527.0 |
       Volcano |   1457 |   1457 |      0 |   1128 |    151 |   1 | 1457.0 |
      Gauntlet |    251 |    251 |      0 |      0 |     63 |   1 |  251.0 |
         Arena |     20 |     20 |      0 |      0 |      0 |   2 |   10.0 |
               +--------+--------+--------+--------+--------+-----+--------+

Top non-repeatable levels by time:
   Elf:3: 4583 daAuts
   Elf:1: 2326 daAuts
     D:6: 2034 daAuts
  Lair:6: 1832 daAuts
  Lair:3: 1785 daAuts
    D:14: 1743 daAuts
    D:10: 1588 daAuts
 Volcano: 1457 daAuts
    D:15: 1449 daAuts
   Orc:2: 1416 daAuts
   Orc:1: 1334 daAuts
     D:8: 1238 daAuts
     D:4: 1229 daAuts
   Elf:2: 1190 daAuts
    D:11: 1187 daAuts
